AoeStats
← Kryptzel

Black Forest

506956912Analyzed
4v4 RM · 16d ago on Sep 15, 2026· 62m 46s· 8 players
Game mode
Random Map
Map size
Large (8 player)
Population
200
Speed
Normal
Resources
Standard
Victory
Conquest
Starting age
Dark Age
Ending age
Imperial Age
RankedLock teamsTeams togetherTeam positionsShared explorationLock speedFull tech treeHidden civsTurbo modeCheats
Victory
Defeat
🇬🇧 Georgians · United Kingdom
727
+13
🇨🇳 Magyars · China
712
+13
🇵🇪 Poles · Peru
567
+19
🇲🇽 Spanish · Mexico
521
+22
🇺🇸 Burgundians · United States
697
-27
🇲🇽 Turks · Mexico
670
-18
🇲🇽 Saracens · Mexico
629
-16
🇺🇸 Armenians · United States
571
-14
Pastor89
1:27 Loom
12:45 Feudal Age
15:19 Wheelbarrow
14:40 Double-Bit Axe
18:08 Horse Collar
25:05 Gold Mining
25:48 Stone Mining
30:20 Castle Age
31:31 Caravan
32:35 Hand Cart
33:23 Gold Shaft Mining
36:56 Bow Saw
37:03 Heavy Plow
37:48 Fortified Wall
37:44 Padded Archer Armor
38:33 Scale Barding Armor
40:17 Forging
40:28 Chain Barding Armor
41:52 Husbandry
45:16 Iron Casting
48:05 Imperial Age
45:59 Town Watch
48:13 Leather Archer Armor
47:49 Fletching
49:00 Treadmill Crane
49:44 Ballistics
50:05 Plate Barding Armor
50:34 Blast Furnace
53:05 Conscription
54:05 Bloodlines
54:30 Ring Archer Armor
53:56 Bodkin Arrow
✪KillerMx✪
16:52 Feudal Age
17:57 Double-Bit Axe
21:16 Horse Collar
22:35 Wheelbarrow
26:44 Castle Age
26:14 Forging
26:06 Scale Mail Armor
27:22 Scale Barding Armor
29:07 Heavy Plow
29:23 Bow Saw
31:16 Hand Cart
37:06 Imperial Age
38:12 Elite Mameluke
39:32 Chain Barding Armor
41:17 Two-Man Saw
40:48 Bimaristan
40:43 Arson
40:58 Squires
40:18 Pikeman
42:33 Husbandry
44:07 Gold Mining
44:08 Stone Mining
45:02 Heavy Camel Rider
46:54 Bloodlines
A Delicious Pot Roast
0:30 Loom
12:44 Feudal Age
17:14 Castle Age
18:37 Double-Bit Axe
20:09 Stone Mining
24:48 Wheelbarrow
25:38 Gold Mining
26:16 Hand Cart
27:40 Padded Archer Armor
28:15 Bow Saw
29:38 Ballistics
32:11 Imperial Age
30:23 Horse Collar
31:34 Leather Archer Armor
31:10 Fletching
34:04 Chemistry
32:28 Elite Composite Bowman
33:30 Conscription
33:49 Bodkin Arrow
34:25 Ring Archer Armor
36:25 Bracer
37:23 Scale Barding Armor
39:29 Town Watch
40:09 Chain Barding Armor
39:33 Capped Ram
40:48 Forging
41:47 Bombard Tower
41:45 Caravan
SlavicDude
13:52 Feudal Age
24:23 Castle Age
37:01 Imperial Age
35:42 Loom
35:47 Town Watch
jsusdgz
8:15 Loom
12:46 Feudal Age
14:16 Double-Bit Axe
14:13 Horse Collar
21:19 Castle Age
24:13 Wheelbarrow
23:23 Town Watch
27:30 Hand Cart
27:16 Town Patrol
33:55 Imperial Age
31:47 Caravan
32:51 Gold Mining
34:04 Cavalier
35:25 Paladin
36:54 Coinage
36:45 Guilds
37:11 Scale Barding Armor
37:21 Forging
39:38 Chemistry
39:15 Banking
40:27 Chain Barding Armor
40:45 Iron Casting
40:03 Fletching
40:15 Padded Archer Armor
39:45 Elite Conquistador
45:20 Plate Barding Armor
50:16 Blast Furnace
Jack
0:30 Loom
7:16 Loom
11:35 Feudal Age
12:15 Double-Bit Axe
12:20 Horse Collar
12:46 Gold Mining
21:22 Castle Age
20:26 Stone Mining
20:46 Scale Barding Armor
20:52 Forging
20:43 Scale Mail Armor
25:27 Wheelbarrow
24:38 Town Watch
25:37 Bow Saw
26:03 Stone Shaft Mining
25:49 Fervor
25:34 Fletching
25:44 Padded Archer Armor
26:20 Iron Casting
26:00 Chain Mail Armor
25:41 Guard Tower
26:00 Man-at-Arms
26:43 Squires
29:25 Bloodlines
29:16 Husbandry
30:26 Hand Cart
32:51 Fortified Wall
32:25 Treadmill Crane
32:42 Pikeman
32:42 Long Swordsman
34:30 Masonry
34:40 Ballistics
34:17 Murder Holes
35:24 Heavy Plow
39:08 Imperial Age
38:30 Svan Towers
38:35 Town Patrol
39:05 Chain Barding Armor
39:00 Chain Mail Armor
38:41 Bodkin Arrow
39:02 Leather Archer Armor
39:39 Halberdier
39:40 Two-Handed Swordsman
41:14 Arrowslits
42:05 Keep
42:34 Chemistry
42:00 Conscription
42:28 Elite Monaspa
44:10 Light Cavalry
44:21 Elite Skirmisher
45:33 Parthian Tactics
45:38 Siege Engineers
45:47 Devotion
46:22 Crop Rotation
46:57 Plate Barding Armor
48:14 Blast Furnace
47:44 Plate Mail Armor
49:11 Cavalier
49:12 Hussar
50:13 Champion
53:52 Heavy Cavalry Archer
54:13 Heavy Scorpion
56:02 Architecture
55:45 Aznauri Cavalry
56:20 Bracer
63:20 Hoardings
63:09 Faith
63:07 Guilds
62:58 Caravan
63:27 Sanctity
Kryptzel
13:50 Feudal Age
14:39 Double-Bit Axe
15:31 Wheelbarrow
14:39 Horse Collar
20:38 Gold Mining
24:59 Castle Age
23:39 Stone Mining
25:42 Heavy Plow
25:55 Bow Saw
26:01 Hand Cart
26:30 Stone Shaft Mining
26:44 Man-at-Arms
27:26 Squires
28:20 Fishing Lines
30:45 Gillnets
30:23 Long Swordsman
30:51 Arson
33:46 Forging
33:37 Scale Mail Armor
33:56 Caravan
34:19 Treadmill Crane
34:52 Masonry
34:53 Fortified Wall
39:17 Imperial Age
38:01 Chain Mail Armor
40:40 Plate Mail Armor
40:46 Iron Casting
39:34 Two-Handed Swordsman
41:59 Onager
42:29 Champion
46:02 Szlachta Privileges
52:37 Husbandry
54:27 Cavalier
56:47 Scale Barding Armor
米卫兵
2:35 Loom
12:17 Feudal Age
13:03 Double-Bit Axe
13:01 Horse Collar
15:20 Wheelbarrow
14:40 Gold Mining
23:32 Castle Age
22:44 Scale Barding Armor
22:30 Fletching
22:30 Town Watch
23:37 Stone Mining
25:17 Bloodlines
25:07 Husbandry
25:33 Chain Barding Armor
25:08 Bodkin Arrow
25:58 Bow Saw
25:51 Heavy Plow
26:12 Hand Cart
26:49 Gold Shaft Mining
27:19 Caravan
27:49 Coinage
27:12 Town Watch
27:49 Town Watch
28:35 Corvinian Army
30:49 Town Patrol
30:58 Town Patrol
36:42 Imperial Age
35:27 Padded Archer Armor
36:00 Coinage
38:33 Two-Man Saw
38:05 Crop Rotation
37:15 Elite Magyar Huszar
38:16 Conscription
38:35 Plate Barding Armor
38:45 Banking
41:55 Hoardings
51:08 Treadmill Crane
51:40 Masonry
51:25 Murder Holes
51:51 Ballistics
52:31 Chemistry
51:37 Siege Engineers
53:49 Bracer
54:05 Leather Archer Armor
61:01 Spies/Treason
61:11 Spies/Treason
Connection lost

Rejoining the realm…

Still unreachable

The connection could not be restored.

Session expired

The server has moved on; the page needs a fresh start.